[Event "Titled Tuesday Blitz June 28 Late 2022"]
[White "Pershin, Denis"]
[Black "Andreikin, Dmitry"]
[WhiteFideId "24165506"]
[BlackFideId "4158814"]
[WhiteElo "2275"]
[BlackElo "2736"]
[Result "0-1"]
[Round "04"]
[TimeControl "180+1"]
[Date "2022.06.28"]
[WhiteClock "0:00:02"]
[BlackClock "0:00:55"]

1. d4 d5 2. c4 e6 3. Nc3 Nf6 4. cxd5 exd5 5. Bg5 c6 6. e3 h6 7. Bh4 Bf5 8. Qf3 Bh7 9. Bxf6 Qxf6 10. Qxf6 gxf6 11. Kd2 Nd7 12. g3 Nb6 13. Bd3 Nc4+ 14. Bxc4 dxc4 15. e4 Bb4 16. Ke3 O-O-O 17. Nge2 Rhe8 18. f3 f5 19. Rhf1 fxe4 20. fxe4 f5 21. a3 Ba5 22. Rf4 b5 23. g4 fxe4 24. Rf6 c5 25. Rc6+ Kb7 26. Rxc5 Rf8 27. Rxb5+ Ka6 28. Re5 Rf3+ 29. Kd2 Rd3+ 30. Ke1 Rf8 31. Re6+ Kb7 32. Re7+ Ka6 33. Rxh7 Rh3 34. g5 h5 35. Rh6+ Kb7 36. g6 Rxh2 37. Kd2 Rff2 38. Rg1 Rxe2+ 39. Kc1 Rc2+ 40. Kd1 Rcd2+ 41. Kc1 Rc2+ 42. Kd1 Rxb2 43. g7 Bxc3 44. Kc1 Ra2 0-1


[Site "https://www.chess.com"]

[Event "Titled Tuesday Blitz June 28 Late 2022"]
[White "Perske, Thore"]
[Black "Ladopoulos, Dimitrios"]
[WhiteFideId "12902195"]
[BlackFideId "4239580"]
[WhiteElo "2315"]
[BlackElo "2195"]
[Result "0-1"]
[Round "04"]
[TimeControl "180+1"]
[Date "2022.06.29"]
[WhiteClock "0:00:13"]
[BlackClock "0:01:58"]

1. e4 c5 2. Nf3 e6 3. d4 cxd4 4. Nxd4 Nf6 5. Nc3 d6 6. g4 h6 7. Rg1 Nc6 8. Be3 Ne5 9. f4 Nc6 10. Nb3 g5 11. f5 Ne5 12. h3 a6 13. Be2 b5 14. a3 Bb7 15. Qd4 Nfd7 16. O-O-O Qc7 17. Kb1 Be7 18. Rgf1 O-O-O 19. Qa7 Nc6 20. fxe6 fxe6 21. Rf7 Nxa7 22. Bxa7 Ne5 23. Rg7 Rdg8 24. Rxg8+ Rxg8 25. Nd4 Qd7 0-1


[Site "https://www.chess.com"]

[Event "Titled Tuesday Blitz June 28 Late 2022"]
[White "Petrovic, Aleksa"]
[Black "Garcia, Gabriel Gonzaga"]
[WhiteFideId "967629"]
[BlackFideId "2138956"]
[WhiteElo "2117"]
[BlackElo "2240"]
[Result "1-0"]
[Round "04"]
[TimeControl "180+1"]
[Date "2022.06.29"]
[WhiteClock "0:00:18"]
[BlackClock "0:00:47"]

1. d4 Nf6 2. c4 e6 3. Nf3 Bb4+ 4. Nbd2 O-O 5. a3 Bxd2+ 6. Qxd2 d5 7. e3 b6 8. Be2 dxc4 9. Bxc4 Bb7 10. Be2 Ne4 11. Qc2 c5 12. dxc5 Nxc5 13. O-O Ba6 14. Rd1 Qc8 15. b4 Bxe2 16. Qxe2 Ne4 17. Bb2 Nc3 18. Bxc3 Qxc3 19. Ng5 h6 20. Ne4 Qe5 21. Qf3 Nc6 22. Rac1 Ne7 23. Nd6 Nd5 24. Nc4 Qg5 25. e4 Nf4 26. h4 Qf6 27. e5 Qf5 28. g4 Ne2+ 29. Qxe2 Qf4 30. Kg2 Rad8 31. f3 Rxd1 32. Rxd1 Rc8 33. Nd6 Rc3 34. Ne4 Rxa3 35. Ng3 Rb3 36. Rd8+ Kh7 37. Qc2+ g6 38. Qxb3 Qxe5 39. Qd1 Qb2+ 40. Qd2 Qf6 41. Qd4 e5 42. Qd6 Qg7 43. Qf8 Qf6 44. Qg8# 1-0


[Site "https://www.chess.com"]

[Event "Titled Tuesday Blitz June 28 Late 2022"]
[White "Plazuelo Pascual, Juan"]
[Black "Corrales Jimenez, Fidel"]
[WhiteFideId "32059566"]
[BlackFideId "3506690"]
[WhiteElo "2359"]
[BlackElo "2541"]
[Result "1-0"]
[Round "04"]
[TimeControl "180+1"]
[Date "2022.06.28"]
[WhiteClock "0:00:09"]
[BlackClock "0:00:55"]

1. e4 c5 2. Nf3 d6 3. Bb5+ Bd7 4. c4 Nf6 5. Nc3 g6 6. d4 cxd4 7. Nxd4 Bg7 8. O-O O-O 9. Bxd7 Qxd7 10. Qe2 Rc8 11. b3 Nc6 12. Nxc6 Rxc6 13. Bb2 e6 14. Rad1 Qe7 15. Nb5 Ne8 16. Bxg7 Kxg7 17. e5 dxe5 18. Qxe5+ Qf6 19. Qxf6+ Nxf6 20. Rd3 a6 21. Nd6 b5 22. Rfd1 bxc4 23. Nxc4 Nd5 24. g3 a5 25. Rf3 Rc7 26. h4 h5 27. Nd6 a4 28. bxa4 Rxa4 29. Ne8+ Kf8 30. Nxc7 Nxc7 31. Rd7 Nd5 32. Rfxf7+ Ke8 33. Ra7 Rxa2 34. Rab7 Rb2 35. Ra7 Ra2 36. Rad7 Ra1+ 37. Kg2 Rd1 38. Ra7 Ra1 39. Rxa1 Kxf7 40. Kf3 Kf6 41. Ke4 Nc3+ 42. Kd4 Nb5+ 43. Ke3 Nc3 44. Ra5 Nd5+ 45. Kd4 Ne7 46. Ra6 Nf5+ 47. Ke4 Ne7 48. Kf4 Nd5+ 49. Ke4 Nc3+ 50. Kd3 Nd5 51. Kd4 Nb4 52. Rb6 Nd5 53. Rb8 Ne7 54. Ke4 Nf5 55. Rf8+ Ke7 56. Ra8 Nd6+ 57. Kf4 Kf6 58. Rf8+ Ke7 59. Rb8 Kf6 60. Rb6 Nf5 61. f3 Ne7 62. Ra6 Nd5+ 63. Ke4 Nc3+ 64. Ke3 Nd5+ 65. Kf2 Kf5 66. Ra1 Nb4 67. Rd1 Nd5 68. Re1 Nf6 69. Kg2 e5 70. Kf2 e4 71. fxe4+ Nxe4+ 72. Kf3 Nd2+ 73. Ke2 Ne4 74. Kf3 Nd2+ 75. Kg2 Ne4 76. Ra1 Nd2 77. Ra5+ Kf6 78. Kf2 Ne4+ 79. Kf3 Nc3 80. Rc5 Na4 81. Rb5 Nc3 82. Rc5 Na4 83. Rc6+ Kf5 84. Rc4 Nb2 85. Rc5+ Kf6 86. Ke4 Nd1 87. Rc2 Ke6 88. Kd3 Kf5 89. Ke2 Kg4 90. Kxd1 Kxg3 91. Rc4 Kf3 92. Ke1 Ke3 93. Kf1 Kf3 94. Ra4 Kg3 95. Kg1 Kh3 96. Kf2 Kh2 97. Kf3 Kh3 98. Rb4 Kh2 99. Kf4 Kh3 100. Kg5 Kg3 101. Rb6 1-0


[Site "https://www.chess.com"]

[Event "Titled Tuesday Blitz June 28 Late 2022"]
[White "Popilski, Gil"]
[Black "Rostovtsev, Dmitry"]
[WhiteFideId "2809060"]
[BlackFideId "34278320"]
[WhiteElo "2537"]
[BlackElo "2311"]
[Result "0-1"]
[Round "04"]
[TimeControl "180+1"]
[Date "2022.06.28"]
[WhiteClock "0:00:01"]
[BlackClock "0:00:46"]

1. f4 Nf6 2. Nf3 d5 3. g3 g6 4. Bg2 Bg7 5. O-O O-O 6. d3 c5 7. Qe1 d4 8. c4 Nc6 9. h3 Ne8 10. g4 e5 11. f5 gxf5 12. gxf5 Nd6 13. f6 Bxf6 14. Bh6 Re8 15. Qg3+ Kh8 16. Ng5 Rg8 17. h4 Rg6 18. Nd2 Rxh6 19. Nde4 Bxg5 20. hxg5 Nxe4 21. Bxe4 Rh5 22. Rf6 Be6 23. Kf2 Qg8 24. Rg1 Qg7 25. Bxc6 bxc6 26. Qxe5 Rg8 27. Ke1 h6 28. Kd2 Rxg5 0-1


[Site "https://www.chess.com"]

[Event "Titled Tuesday Blitz June 28 Late 2022"]
[White "Premnath, R."]
[Black "Phillips, Rene"]
[WhiteFideId "5021928"]
[BlackFideId "2056275"]
[WhiteElo "2637"]
[BlackElo "2195"]
[Result "1-0"]
[Round "04"]
[TimeControl "180+1"]
[Date "2022.06.29"]
[WhiteClock "0:00:22"]
[BlackClock "0:00:35"]

1. d4 Nc6 2. d5 Ne5 3. e4 e6 4. f4 Ng6 5. c4 exd5 6. cxd5 Bc5 7. Nf3 d6 8. Nc3 Nf6 9. Bd3 Ng4 10. Qe2 Nf2 11. Rf1 Nxd3+ 12. Qxd3 Nh4 13. g3 Nxf3+ 14. Qxf3 Bh3 15. Rh1 Qe7 16. Be3 Bg4 17. Qf2 Bb4 18. Qg2 f5 19. h3 Bh5 20. g4 Bf7 21. gxf5 Bh5 22. Rg1 g6 23. Bd4 Rf8 24. f6 Qd7 25. Kd2 O-O-O 26. Rac1 Qa4 27. Qg3 Qxa2 28. Rc2 Rde8 29. Qd3 Qb3 30. Re1 Qa4 31. Kc1 Qa1+ 32. Kd2 Qa5 33. Qc4 Bxc3+ 34. Bxc3 Qb6 35. Bd4 Qa5+ 36. b4 Qa6 37. Qxc7# 1-0


[Site "https://www.chess.com"]

[Event "Titled Tuesday Blitz June 28 Late 2022"]
[White "Preotu, Razvan"]
[Black "Hu, Merric"]
[WhiteFideId "2613280"]
[BlackFideId "30906660"]
[WhiteElo "2407"]
[BlackElo "1912"]
[Result "1-0"]
[Round "04"]
[TimeControl "180+1"]
[Date "2022.06.28"]
[WhiteClock "0:00:05"]
[BlackClock "0:00:02"]

1. e4 c5 2. Nf3 Nc6 3. Bb5 g6 4. O-O Bg7 5. Re1 Nd4 6. Nxd4 cxd4 7. c3 a6 8. Bd3 d6 9. Na3 Nh6 10. Nc2 e5 11. cxd4 exd4 12. Bc4 O-O 13. d3 b5 14. Bd5 Ra7 15. Bxh6 Bxh6 16. Nxd4 Qf6 17. Nc6 Rc7 18. d4 Bb7 19. Nb4 a5 20. Bxb7 Rxb7 21. Nd5 Qe6 22. Qf3 Rc8 23. e5 Kh8 24. Nf6 Rbb8 25. d5 Qe7 26. e6 Bg7 27. Nd7 Rb7 28. Re2 Rbc7 29. g3 f5 30. h4 Rc1+ 31. Rxc1 Rxc1+ 32. Kg2 a4 33. Qd3 f4 34. Qxb5 h5 35. Qd3 fxg3 36. fxg3 Kh7 37. Rf2 Qd8 38. Rf7 Ra1 39. Nf6+ Kh8 40. Qxg6 1-0


[Site "https://www.chess.com"]

[Event "Titled Tuesday Blitz June 28 Late 2022"]
[White "Pulpan, Jakub"]
[Black "Wang, Isaac"]
[WhiteFideId "302759"]
[BlackFideId "30977185"]
[WhiteElo "2495"]
[BlackElo "2323"]
[Result "1-0"]
[Round "04"]
[TimeControl "180+1"]
[Date "2022.06.29"]
[WhiteClock "0:00:44"]
[BlackClock "0:00:05"]

1. Nf3 d5 2. b3 Nf6 3. Bb2 Bf5 4. Nh4 Bg4 5. h3 Bh5 6. g4 Bg6 7. Bg2 e6 8. c4 c6 9. Nxg6 hxg6 10. Nc3 Nbd7 11. Qc2 Bd6 12. O-O-O Qe7 13. Kb1 Nb6 14. d3 a5 15. e4 d4 16. Ne2 e5 17. f4 c5 18. a4 exf4 19. g5 Nfd7 20. h4 Ne5 21. Nxf4 Nexc4 22. Nxg6 fxg6 23. bxc4 O-O-O 24. Qb3 Nd7 25. e5 Nxe5 26. Rde1 Kb8 27. Ba3 Qc7 28. Bxc5 Bxc5 29. Rxe5 b6 30. Qb5 Qxe5 31. Qc6 Rd7 32. Qxd7 Qc7 33. Qd5 Ka7 34. Rf1 Rd8 35. Qe4 Qd7 36. Kc2 Qxa4+ 37. Kc1 Ba3+ 38. Kd2 Bb4+ 39. Ke2 Qc2+ 40. Kf3 Rf8+ 41. Kg3 Rb8 42. Kh2 Bd6+ 43. Kh1 Bc5 44. Qc6 1-0


[Site "https://www.chess.com"]

[Event "Titled Tuesday Blitz June 28 Late 2022"]
[White "Rasulov, Vugar"]
[Black "Maghsoodloo, Parham"]
[WhiteFideId "13402390"]
[BlackFideId "12539929"]
[WhiteElo "2560"]
[BlackElo "2607"]
[Result "0-1"]
[Round "04"]
[TimeControl "180+1"]
[Date "2022.06.28"]
[WhiteClock "0:00:01"]
[BlackClock "0:00:07"]

1. d4 Nf6 2. c4 e6 3. Nf3 d5 4. Nc3 dxc4 5. e4 b5 6. e5 Nd5 7. Nxb5 Nb6 8. Be2 Nc6 9. O-O Be7 10. Be3 O-O 11. Qc2 Rb8 12. a3 Na5 13. Rad1 Bb7 14. Nc3 Qd7 15. Nd2 Rfd8 16. f4 Bc6 17. f5 exf5 18. Rxf5 Nd5 19. Nxd5 Bxd5 20. Rdf1 Qc6 21. Bf3 f6 22. Rh5 g6 23. exf6 gxh5 24. fxe7 Re8 25. Qf5 Bxf3 26. Rxf3 Rxe7 27. Qxa5 Rb5 28. Qc3 Qe6 29. Rg3+ Kf8 30. Nxc4 Qd5 31. Rf3+ Ke8 32. Ne5 c5 33. Bh6 Re6 34. Be3 Rb3 35. Qa5 Reb6 36. Qxa7 Qb7 37. Qxb7 Rxb7 38. dxc5 Rxb2 39. c6 Re7 40. Bf4 Rc2 41. a4 Ra7 42. h3 Rxa4 43. Bg3 h4 44. Bf4 Ra1+ 45. Rf1 Raa2 46. g4 hxg3 47. Bxg3 Rg2+ 48. Kh1 Rxg3 49. Rc1 Rxh3+ 50. Kg1 Rg3+ 51. Kh1 Kd8 52. c7+ Kc8 53. Nc6 Rh3+ 54. Kg1 Re3 55. Nd4 Ra7 56. Nf5 Re6 57. Nd4 Rg6+ 58. Kf2 Rxc7 59. Ra1 Rf7+ 60. Ke3 Kd7 61. Ra7+ Ke8 62. Ra8+ Ke7 63. Ke4 Kf6 64. Ra6+ Kg5 65. Ra1 Re7+ 66. Kf3 Rf6+ 67. Kg3 Re3+ 68. Kg2 Kg4 69. Ra8 Re4 70. Rg8+ Rg6 71. Rd8 h5 72. Kf2 Rf6+ 73. Kg2 Rg6 74. Kf2 h4 75. Nf3 Rf4 76. Rd3 Rgf6 77. Kg2 Rxf3 78. Rxf3 Rxf3 0-1


[Site "https://www.chess.com"]

[Event "Titled Tuesday Blitz June 28 Late 2022"]
[White "Rios Escobar, Adan"]
[Black "Bekturov, Tamerlan"]
[WhiteFideId "3403645"]
[BlackFideId "13710184"]
[WhiteElo "2468"]
[BlackElo "2701"]
[Result "0-1"]
[Round "04"]
[TimeControl "180+1"]
[Date "2022.06.29"]
[WhiteClock "0:00:03"]
[BlackClock "0:00:10"]

1. d4 d5 2. Nf3 Nf6 3. g3 c5 4. Bg2 cxd4 5. O-O h6 6. b3 Nc6 7. Nxd4 e5 8. Nxc6 bxc6 9. c4 Be6 10. Bb2 Qc7 11. cxd5 cxd5 12. Nc3 Rd8 13. Rc1 Qb8 14. Qd3 Bb4 15. Qb5+ Ke7 16. a4 d4 17. Ne4 Qxb5 18. axb5 Rc8 19. Nxf6 gxf6 20. Bb7 Rxc1 21. Rxc1 Ba5 22. Ba3+ Kd8 23. Bc5 Bb6 24. b4 Bd7 25. Ra1 Kc7 26. Bxb6+ Kxb6 27. Bc6 Bxc6 28. bxc6 Ra8 29. Rc1 Rc8 30. Kg2 Rxc6 31. Rb1 Kb5 32. Rb3 Rc3 33. Rb2 a6 34. h4 h5 35. Kf1 f5 36. Kg2 Rc4 37. Rb3 Rxb4 38. Rf3 a5 39. Rxf5 f6 40. Rxf6 a4 41. Re6 a3 42. Rxe5+ Ka4 43. Rxh5 a2 44. Rh8 Rb5 45. Ra8+ Ra5 46. Rf8 a1=Q 47. Rf4 Kb4 48. e3 Rd5 49. h5 Rxh5 50. Rxd4+ Kc5 51. Rf4 Kd5 52. g4 Qh1+ 53. Kg3 Rh3# 0-1


[Site "https://www.chess.com"]

[Event "Titled Tuesday Blitz June 28 Late 2022"]
[White "Romanchuk, Viktor"]
[Black "Balint, Vilmos"]
[WhiteFideId "14109271"]
[BlackFideId "718050"]
[WhiteElo "2242"]
[BlackElo "2059"]
[Result "1-0"]
[Round "04"]
[TimeControl "180+1"]
[Date "2022.06.29"]
[WhiteClock "0:00:23"]
[BlackClock "0:00:28"]

1. d4 f5 2. Nc3 d5 3. f3 Nf6 4. Bg5 e6 5. e4 Be7 6. exf5 exf5 7. Bd3 O-O 8. Nge2 Nc6 9. Qd2 Nb4 10. O-O-O a5 11. Nf4 c6 12. Rhe1 b5 13. Bf1 a4 14. a3 Na6 15. Qe3 Re8 16. Ne6 Qd6 17. Bf4 Qxe6 18. Qxe6+ Bxe6 19. Rxe6 Rac8 20. Nxb5 Kf7 21. Rde1 cxb5 22. Rxa6 b4 23. axb4 Bxb4 24. Rxe8 Rxe8 25. Be5 a3 26. c3 axb2+ 27. Kxb2 Be7 28. Bd3 g6 29. Kc2 Rc8 30. Kd2 Nd7 31. Bf4 Nb8 32. Ra8 g5 33. Rxb8 Rxb8 34. Bxb8 Ke6 35. Be5 Bd8 36. c4 Ba5+ 37. Ke2 f4 38. cxd5+ Kxd5 39. Bxh7 1-0


[Site "https://www.chess.com"]

[Event "Titled Tuesday Blitz June 28 Late 2022"]
[White "Rustemov, Alexander"]
[Black "Hakobyan, Aram"]
[WhiteFideId "4119002"]
[BlackFideId "13306677"]
[WhiteElo "2735"]
[BlackElo "2557"]
[Result "1/2-1/2"]
[Round "04"]
[TimeControl "180+1"]
[Date "2022.06.28"]
[WhiteClock "0:00:14"]
[BlackClock "0:00:04"]

1. d4 e6 2. c4 b6 3. e4 Bb7 4. Bd3 Nc6 5. Ne2 g6 6. Nbc3 Bg7 7. Be3 Nge7 8. Qd2 d5 9. cxd5 exd5 10. e5 f6 11. f4 Qd7 12. O-O O-O-O 13. Rac1 Nf5 14. Bf2 Kb8 15. a3 Na5 16. Rcd1 fxe5 17. dxe5 d4 18. Ne4 Qd5 19. N2g3 Nb3 20. Qe2 Nc5 21. Rfe1 Nxd3 22. Qxd3 h5 23. Qf1 c5 24. Nxf5 gxf5 25. Ng5 Rhe8 26. Bh4 Rd7 27. h3 d3 28. Nf3 c4 29. Kh2 Bh6 30. Bg5 Bf8 31. Qf2 b5 32. Qh4 Qe6 33. Qxh5 Bc5 34. Bh4 Bxf3 35. Qxf3 a5 36. Bf2 Bxf2 37. Qxf2 Qc6 38. Re3 b4 39. axb4 axb4 40. Qe1 Qc5 41. e6 Rd6 42. Re5 Qb6 43. e7 Rd7 44. Re6 Qc5 45. Re5 Qb6 46. Re6 Qc5 47. Re5 Qb6 1/2-1/2


[Site "https://www.chess.com"]

[Event "Titled Tuesday Blitz June 28 Late 2022"]
[White "Sadhwani, Raunak"]
[Black "Abdrlauf, Elham"]
[WhiteFideId "35093487"]
[BlackFideId "1533533"]
[WhiteElo "2616"]
[BlackElo "2403"]
[Result "1-0"]
[Round "04"]
[TimeControl "180+1"]
[Date "2022.06.28"]
[WhiteClock "0:00:34"]
[BlackClock "0:00:02"]

1. e4 c6 2. Nf3 d5 3. Nc3 dxe4 4. Nxe4 Nf6 5. Qe2 Nxe4 6. Qxe4 Nd7 7. c3 Nf6 8. Qf4 g6 9. d4 Bg7 10. Bd3 O-O 11. O-O c5 12. Rd1 cxd4 13. Nxd4 Qb6 14. h3 Bd7 15. a4 a5 16. Nb5 Bc6 17. Be3 Nd5 18. Bxb6 Nxf4 19. Bf1 Nd5 20. Bc5 Bf6 21. g3 Rfd8 22. h4 e6 23. Bg2 Rac8 24. Na7 Rb8 25. Rd2 Be8 26. Nb5 b6 27. Ba3 Rbc8 28. Rad1 Rb8 29. Bxd5 exd5 30. Rxd5 Rxd5 31. Rxd5 Rd8 32. Rxd8 Bxd8 33. Bd6 f5 34. b3 Kf7 35. c4 Ke6 36. Bc7 Kd7 37. Bxd8 Kxd8 38. Kf1 Ke7 39. Ke2 Bxb5 40. axb5 Kd6 41. Kd3 Kc5 42. Kc3 h6 43. f3 g5 44. h5 1-0


[Site "https://www.chess.com"]

[Event "Titled Tuesday Blitz June 28 Late 2022"]
[White "Salem, A.R. Saleh"]
[Black "Papp, Levente"]
[WhiteFideId "9301348"]
[BlackFideId "751243"]
[WhiteElo "2679"]
[BlackElo "2308"]
[Result "1/2-1/2"]
[Round "04"]
[TimeControl "180+1"]
[Date "2022.06.28"]
[WhiteClock "0:00:57"]
[BlackClock "0:00:50"]

1. d4 e6 2. c4 b6 3. a3 Bb7 4. Nc3 Nf6 5. d5 Bd6 6. Nf3 O-O 7. g3 exd5 8. cxd5 c6 9. Bg2 Re8 10. O-O Na6 11. Nd4 cxd5 12. Nf5 Bf8 13. Bf4 Nc5 14. Re1 Nce4 15. Nb5 d6 16. f3 Qd7 17. Nbd4 Nc5 18. Bg5 Be7 19. Bh3 Ne6 20. Qd2 Bd8 21. Rad1 Ne4 1/2-1/2


[Site "https://www.chess.com"]

[Event "Titled Tuesday Blitz June 28 Late 2022"]
[White "Samsonkin, Artiom"]
[Black "Elgersma, Onno"]
[WhiteFideId "13503111"]
[BlackFideId "1053531"]
[WhiteElo "2513"]
[BlackElo "2304"]
[Result "0-1"]
[Round "04"]
[TimeControl "180+1"]
[Date "2022.06.28"]
[WhiteClock "0:00:01"]
[BlackClock "0:00:22"]

1. d4 Nf6 2. Bf4 e6 3. e3 c5 4. c3 d5 5. Nf3 Bd6 6. Bg3 O-O 7. Nbd2 Qc7 8. Bxd6 Qxd6 9. Ne5 b6 10. Bd3 Bb7 11. f4 Ne4 12. Bxe4 dxe4 13. Ndc4 Qc7 14. dxc5 Qxc5 15. Qd6 Qxd6 16. Nxd6 Ba6 17. Nxe4 f6 18. Nf3 Nc6 19. Rd1 Rfd8 20. Kf2 Kf7 21. Nd4 Nxd4 22. Rxd4 Rxd4 23. cxd4 Ke7 24. Rc1 Rc8 25. Rxc8 Bxc8 26. Nc3 Bb7 27. e4 Bc6 28. Ke3 Kd6 29. b4 a5 30. a3 axb4 31. axb4 Be8 32. g4 h6 33. h4 Bd7 34. g5 hxg5 35. hxg5 Be8 36. gxf6 gxf6 37. e5+ Ke7 38. Ne4 f5 39. Nd6 Bc6 40. b5 Bd7 41. d5 exd5 42. Kd4 Ke6 43. Kd3 Ke7 44. Kd4 Ke6 45. Kc3 Ke7 46. Kb4 Ke6 47. Kc3 Ke7 48. Kd3 Be6 49. Kd4 Kd7 50. Nb7 Kc7 51. Nd6 Kd7 52. Kd3 Kc7 53. Ne8+ Kd7 54. Ng7 Bf7 55. Kd4 Be6 56. Ke3 Bf7 0-1


[Site "https://www.chess.com"]

[Event "Titled Tuesday Blitz June 28 Late 2022"]
[White "Sanchez Alarcon, Juan"]
[Black "Ingebretsen, Jens E"]
[WhiteFideId "3401332"]
[BlackFideId "1522965"]
[WhiteElo "2164"]
[BlackElo "2036"]
[Result "1-0"]
[Round "04"]
[TimeControl "180+1"]
[Date "2022.06.29"]
[WhiteClock "0:01:32"]
[BlackClock "0:00:14"]

1. e4 c5 2. c3 e6 3. d4 d5 4. exd5 exd5 5. Be3 Nc6 6. dxc5 Nf6 7. h3 Be6 8. Nf3 a5 9. Bb5 Be7 10. O-O O-O 11. Nbd2 Qc7 12. a3 Ne4 13. Nxe4 dxe4 14. Nd4 Bd5 15. b4 f5 16. g3 Ne5 17. Bf4 Bf6 18. Bxe5 Bxe5 19. Ne2 Rad8 20. Qc1 f4 21. gxf4 Bxf4 22. Nxf4 Rxf4 23. Qe3 Rf3 24. Qd4 Rxh3 25. Rfd1 Qh2+ 26. Kf1 Qh1+ 27. Ke2 Qf3+ 28. Kd2 Qf4+ 29. Ke2 Qf3+ 30. Kd2 Rh2 31. Kc1 Rxf2 32. Bc4 Qf4+ 33. Kb1 Kh8 34. Bxd5 Rf1 35. Kb2 Rf2+ 36. Kb3 Qf5 37. Qxe4 a4+ 38. Kxa4 Qd7+ 39. Kb3 Rff8 40. Rd4 Rfe8 41. Qd3 Re5 42. Bc4 1-0


[Site "https://www.chess.com"]

[Event "Titled Tuesday Blitz June 28 Late 2022"]
[White "Sanchez, Robert"]
[Black "Mekhane, Adam"]
[WhiteFideId "2034360"]
[BlackFideId "36050601"]
[WhiteElo "2108"]
[BlackElo "2002"]
[Result "1-0"]
[Round "04"]
[TimeControl "180+1"]
[Date "2022.06.29"]
[WhiteClock "0:01:21"]
[BlackClock "0:01:03"]

1. e4 c5 2. Nf3 Nc6 3. d4 cxd4 4. Nxd4 Nf6 5. Nc3 e5 6. Ndb5 d6 7. Bg5 a6 8. Bxf6 gxf6 9. Na3 b5 10. Nd5 Bg7 11. Bd3 O-O 12. O-O Be6 13. c4 bxc4 14. Nxc4 Rb8 15. b3 f5 16. f3 f4 17. Rc1 Nd4 18. Na3 Kh8 19. Nc2 Nxc2 20. Rxc2 Rg8 21. Kh1 Bf8 22. Bxa6 Qh4 23. Qe1 Qh5 24. Nf6 Qg5 25. Nxg8 Kxg8 26. Bc4 Bd7 27. g3 Be7 28. Rg1 Kh8 29. gxf4 Qxf4 30. Qg3 Qf6 31. Rcg2 d5 32. Qg8+ 1-0


[Site "https://www.chess.com"]

[Event "Titled Tuesday Blitz June 28 Late 2022"]
[White "Barria Santos, Jose Guilherme"]
[Black "Bayo Milagro, Alvaro"]
[WhiteFideId "1939300"]
[BlackFideId "22275240"]
[WhiteElo "2261"]
[BlackElo "2270"]
[Result "0-1"]
[Round "04"]
[TimeControl "180+1"]
[Date "2022.06.29"]
[WhiteClock "0:01:12"]
[BlackClock "0:01:07"]

1. e4 e5 2. Nf3 Nc6 3. Bb5 a6 4. Ba4 Nf6 5. d3 d6 6. O-O g6 7. c3 Bg7 8. Re1 O-O 9. d4 b5 10. Bb3 Bg4 11. Be3 Na5 12. Bc2 Nc4 13. Bc1 c5 14. d5 Nb6 15. b3 a5 16. a4 bxa4 17. bxa4 Bd7 18. Na3 Qe8 19. Nb1 Nh5 20. Be3 Nc4 21. Bc1 Rb8 22. Nbd2 Nb2 23. Bxb2 Rxb2 24. Nc4 Rb8 25. Nxd6 Qe7 26. Nc4 Nf4 27. g3 Nh3+ 28. Kg2 Kh8 29. d6 Qe6 30. Qd5 Qg4 31. Ncxe5 Nf4+ 32. Kh1 Nxd5 33. Nxg4 Bxg4 0-1


[Site "https://www.chess.com"]

[Event "Titled Tuesday Blitz June 28 Late 2022"]
[White "Sargsyan, Anna M."]
[Black "Gaehwiler, Gabriel"]
[WhiteFideId "13308130"]
[BlackFideId "1314530"]
[WhiteElo "2271"]
[BlackElo "2383"]
[Result "0-1"]
[Round "04"]
[TimeControl "180+1"]
[Date "2022.06.28"]
[WhiteClock "0:00:01"]
[BlackClock "0:01:06"]

1. d4 Nf6 2. c4 g6 3. g3 Bg7 4. Bg2 O-O 5. Nc3 d6 6. Nf3 b6 7. Nh4 c6 8. O-O Bb7 9. e4 e5 10. dxe5 dxe5 11. Qc2 Nbd7 12. Be3 Ng4 13. Bd2 Nc5 14. b4 Ne6 15. Rad1 Nd4 16. Qb2 Qe7 17. h3 Nf6 18. Be3 Rad8 19. a4 Qe6 20. Qa2 Ba6 21. b5 cxb5 22. axb5 Bc8 23. Qxa7 Qxc4 24. Rc1 Nxb5 25. Nxb5 Qxb5 26. Qxb6 Ba6 27. Rfe1 Rb8 28. Qd6 Rfd8 29. Qa3 Qd3 30. Qa5 Qb5 31. Qa1 Bb7 32. Rc5 Qd7 33. Rxe5 Nxe4 34. Qa5 Nd6 0-1


[Site "https://www.chess.com"]

[Event "Titled Tuesday Blitz June 28 Late 2022"]
[White "Shapiro, Daniel"]
[Black "Gaisinsky, Adam"]
[WhiteFideId "2001780"]
[BlackFideId "2620561"]
[WhiteElo "2281"]
[BlackElo "1965"]
[Result "0-1"]
[Round "04"]
[TimeControl "180+1"]
[Date "2022.06.29"]
[WhiteClock "0:00:03"]
[BlackClock "0:00:20"]

1. d4 Nf6 2. c4 e6 3. g3 d5 4. Nf3 Be7 5. Bg2 O-O 6. O-O dxc4 7. Ne5 Nc6 8. Bxc6 bxc6 9. Nxc6 Qe8 10. Nxe7+ Qxe7 11. Qa4 e5 12. dxe5 Qxe5 13. Qxc4 Re8 14. Nc3 Bb7 15. Bf4 Qh5 16. f3 Rac8 17. e4 g5 18. Qd4 Re6 19. Be5 c5 20. Qa4 Rxe5 21. Qxa7 Re7 22. Nd5 Nxd5 23. exd5 Re2 24. h4 Bxd5 25. Qa6 Rce8 26. Qf6 Qg6 27. hxg5 Qxf6 28. gxf6 Rxb2 29. Rf2 Rxf2 30. Kxf2 Re6 31. a4 Rxf6 32. f4 Rb6 33. a5 Rb2+ 34. Ke3 Ra2 35. Rd1 Ra3+ 36. Kf2 Bc4 37. Rc1 Bd3 38. Ke3 c4 39. Kd4 Rxa5 40. Rc3 Kg7 41. g4 Ra7 42. g5 Re7 43. Kc5 Re4 44. Kd5 Rxf4 45. g6 hxg6 46. Rxd3 cxd3 0-1


[Site "https://www.chess.com"]

[Event "Titled Tuesday Blitz June 28 Late 2022"]
[White "Silva, Miguel Antonio Neto"]
[Black "Fawole, John Oyeyemi"]
[WhiteFideId "1911929"]
[BlackFideId "8501319"]
[WhiteElo "2204"]
[BlackElo "2091"]
[Result "1-0"]
[Round "04"]
[TimeControl "180+1"]
[Date "2022.06.29"]
[WhiteClock "0:00:12"]
[BlackClock "0:00:01"]

1. e4 c5 2. Nf3 d6 3. d4 cxd4 4. Nxd4 Nf6 5. Nc3 a6 6. Bg5 Nbd7 7. Bc4 e6 8. Qe2 Ne5 9. Bb3 Be7 10. O-O-O Qc7 11. Kb1 O-O 12. f4 Nc6 13. Nf3 Na5 14. e5 Nxb3 15. axb3 dxe5 16. fxe5 Nd5 17. Nxd5 exd5 18. Rxd5 Be6 19. Rdd1 Rfc8 20. Bxe7 Qxe7 21. Nd4 Rc5 22. Rhe1 Rac8 23. h3 b5 24. g4 h6 25. Rd2 a5 26. Nxb5 a4 27. b4 Bc4 28. bxc5 Bxe2 29. Rexe2 Qxc5 30. Nd6 Rb8 31. Rd3 a3 32. b3 Qg1+ 33. Ka2 Qc1 34. c4 Rb6 35. Nb5 Ra6 36. Red2 Kh7 37. Rd7 Kg6 38. R7d6+ Rxd6 39. Rxd6+ f6 40. Nxa3 Qf4 41. Nb5 Qxe5 42. Rd5 Qh2+ 43. Ka3 Qxh3 44. Nd6 1-0


[Site "https://www.chess.com"]

[Event "Titled Tuesday Blitz June 28 Late 2022"]
[White "Silvestre, Christian"]
[Black "Jessel, Stephen"]
[WhiteFideId "30956269"]
[BlackFideId "628859"]
[WhiteElo "2365"]
[BlackElo "2268"]
[Result "0-1"]
[Round "04"]
[TimeControl "180+1"]
[Date "2022.06.29"]
[WhiteClock "0:00:13"]
[BlackClock "0:00:08"]

1. Nf3 d5 2. d4 e6 3. g3 b5 4. Bg2 Bb7 5. O-O c5 6. a4 b4 7. c3 a5 8. dxc5 Bxc5 9. cxb4 Bxb4 10. Bd2 Na6 11. Bc3 Nf6 12. Bxb4 Nxb4 13. Nc3 O-O 14. Rc1 Qb6 15. Qd4 Qxd4 16. Nxd4 Rfc8 17. Ncb5 Ba6 18. e3 Nd3 19. Rxc8+ Rxc8 20. Rb1 Ng4 21. Bf1 Ngxf2 22. Be2 g6 23. Rf1 e5 24. Nb3 Rc2 25. Rxf2 Nxf2 26. Kxf2 Rxb2 27. Nc5 Bc8 28. Ke1 Rc2 29. Nd3 f6 30. Kd1 Ra2 31. Nc1 Rxa4 32. Nc3 Ra3 33. Nxd5 Be6 34. Nc7 Bf7 35. Nb5 Rxe3 36. Nd6 Kg7 37. Kd2 Ra3 38. Nxf7 Kxf7 39. Bd3 f5 40. Bc4+ Kf6 41. Bd3 e4 42. Be2 g5 43. Kc2 f4 44. Kb2 Re3 45. gxf4 gxf4 46. Bg4 f3 47. Nb3 f2 48. Nd2 Re1 49. Bh3 e3 50. Ne4+ Ke5 51. Bg2 f1=Q 52. Bxf1 Rxf1 53. Ng3 Rf2+ 54. Kc3 Rxh2 55. Kd3 Rh3 56. Ne2 h5 57. Nc3 h4 58. Ne2 Rg3 59. Nd4 e2+ 60. Kxe2 Kxd4 61. Kf2 a4 62. Ke2 a3 63. Kd2 a2 64. Kc2 a1=Q 65. Kd2 Qa2+ 66. Ke1 Rg1# 0-1


[Site "https://www.chess.com"]